 Dungeon Crawl Stone Soup version 0.28-a0-1167-g616b1c6417 (webtiles) character file.

Game seed: 5522870533238400619

9 Essalna the Firebug (level 2, 0/19 HPs)
             Began as a Demonspawn Fire Elementalist on Dec 16, 2021.
             Slain by a bat (1 damage)
             ... on level 2 of the Dungeon.
             The game lasted 00:01:49 (359 turns).

Essalna the Firebug (Demonspawn Fire Elementalist)   Turns: 359, Time: 00:01:50

Health: 0/19       AC:  2    Str:  8    XL:     2   Next: 3%
Magic:  1/5        EV: 12    Int: 16    God:
Gold:   16         SH:  0    Dex: 13    Spells: 4/5 levels left

rFire   . . .      SeeInvis .   b - +0 dagger
rCold   . . .      Faith    .   (no shield)
rNeg    . . .      Spirit   .   a - +0 robe
rPois   .          Reflect  .   (no helmet)
rElec   .          Harm     .   (no cloak)
rCorr   .          Rampage  .   (no gloves)
Will    .....                   (no boots)
Stlth   ++........              (no amulet)
HPRegen 0.06/turn               (no ring)
MPRegen 0.09/turn               (no ring)

@: no status effects
A: hooves 1
a: no special abilities


You were on level 2 of the Dungeon.
You visited 1 branch of the dungeon, and saw 2 of its levels.

You collected 16 gold pieces.

Inventory:

Hand Weapons
 b - a +0 dagger (weapon)
Missiles
 c - 4 javelins (quivered)
Armour
 a - a +0 robe (worn)
Potions
 d - a potion of curing {unknown}


   Skills:
 - Level 1.7 Dodging
 - Level 1.7 Stealth
 + Level 2.2 Spellcasting
 + Level 1.3 Conjurations
 + Level 2.9 Fire Magic


You had 4 spell levels left.
You knew the following spells:

 Your Spells              Type           Power      Damage    Failure   Level
a - Foxfire               Conj/Fire      32%        2x1d5     9%          1

Your spell library contained the following spells:

 Spells                   Type           Power      Damage    Failure   Level
 Scorch                   Fire           22%        2d6       10%         2
 Conjure Flame            Conj/Fire      8%         6-21      26%         3
 Inner Flame              Hex/Fire       6%         N/A       32%         3
 Flame Wave               Conj/Fire      8%         2d4       63%         4


Dungeon Overview and Level Annotations

Branches:
Dungeon (2/15)

Altars:


Innate Abilities, Weirdness & Mutations

You have large cloven feet.


Message History

You hit the jackal but do no damage.
The jackal is lightly wounded.
The foxfire hits the jackal.
The jackal is heavily wounded.
The foxfire hits the jackal.
You kill the jackal!
You have reached level 2!
Your demonic ancestry asserts itself...
Your feet thicken and deform.
The bat barely misses you.
The hobgoblin shouts!
The bat barely misses you.
Your magical contamination has completely faded away.
The bat hits you but does no damage.
A frilled lizard comes into view.
A kobold comes into view. It is wielding a +0 short sword.
The hobgoblin hits you. The bat hits you but does no damage.
The hobgoblin hits you but does no damage.
The bat misses you. The hobgoblin closely misses you.
The bat hits you but does no damage. The hobgoblin barely misses you.
The bat barely misses you. The hobgoblin barely misses you.
The bat closely misses you. The hobgoblin barely misses you.
The bat hits you but does no damage.
The frilled lizard bites you but does no damage.
The hobgoblin barely misses you. The bat barely misses you.
The kobold hits you but does no damage. The frilled lizard closely misses you.
The hobgoblin hits you but does no damage.
The bat closely misses you.
The kobold hits you with a +0 short sword.
The frilled lizard closely misses you. The hobgoblin barely misses you.
The bat hits you.
The kobold hits you with a +0 short sword.
The frilled lizard bites you but does no damage.
The hobgoblin barely misses you.
The kobold hits you with a +0 short sword.
* * * LOW HITPOINT WARNING * * *
The bat hits you.
You die...

#....!.........
#..............
#..............
...............
............?..
#............
.###..!Kg......
.......@l......
........b#.##..
...........
..........##
.........##
#).......#
#........#
..##......


You could see a hobgoblin, a bat, a kobold and a frilled lizard.

Vanquished Creatures
  A dart slug (D:1)
  An endoplasm (D:1)
  A goblin (D:1)
  A hobgoblin (D:1)
  A jackal (D:2)
  A bat (D:1)
6 creatures vanquished.

Vanquished Creatures (others)
  19 foxfires
19 creatures vanquished.

Grand Total: 25 creatures vanquished

Notes
Turn   | Place    | Note
-------+----------+-------------------------------------------
     0 | D:1      | Essalna the Demonspawn Fire Elementalist began the quest
                  | for the Orb.
     0 | D:1      | Reached XP level 1. HP: 13/13 MP: 3/3
   346 | D:2      | Gained mutation: You have large cloven feet. [demonic
                  | ancestry]
   346 | D:2      | Reached XP level 2. HP: 12/19 MP: 0/5
   359 | D:2      | Slain by a bat

Illustrated notes

Levels and vault maps discovered:
D:1:      dpeg_arrival_round_a, layout_loops_ring,
          dilly_ecumenical_altar_fadedgnrine, chequers_serial_rivers_micro_e
D:2:      layout_rooms, basic_altar

Action                   || total
-------------------------++-------
Melee: Dagger            ||     2
       Unarmed           ||     2
Throw: Javelin           ||     1
 Cast: Foxfire           ||    10
Armor: Robe              ||    15
Dodge: Dodged            ||    24

Table legend: (Time is in decaauts)
 A = Elapsed time spent in this place.
 B = Non-inter-level travel time spent in this place.
 C = Inter-level travel time spent in this place.
 D = Time resting spent in this place.
 E = Time spent auto-exploring this place.
 F = Levels seen in this place.
 G = Mean time per level.
                   A        B        C        D        E       F      G
               +--------+--------+--------+--------+--------+-----+--------+
         Total |    358 |    352 |      6 |      0 |    237 |   2 |  179.0 |
       Dungeon |    358 |    352 |      6 |      0 |    237 |   2 |  179.0 |
               +--------+--------+--------+--------+--------+-----+--------+

Top non-repeatable levels by time:
     D:1: 341 daAuts
     D:2: 17 daAuts
